 Dungeon Crawl Stone Soup version 0.22-a0-443-g17c3723 (webtiles) character file.

3017 xccam the Fighter (level 9, -14/85 HPs)
             Began as a Minotaur Monk on May 31, 2018.
             Demolished by zkyp's ghost (17 damage)
             ... on level 8 of the Dungeon.
             The game lasted 00:11:05 (8215 turns).

xccam the Fighter (Minotaur Monk)                   Turns: 8215, Time: 00:11:06

Health: -14/85     AC:  2    Str: 18    XL:     9   Next: 55%
Magic:  8/8        EV: 16    Int:  7    God:
Gold:   200        SH:  5    Dex: 14    Spells: 8/8 levels left

rFire    + . .     SeeInvis .     - Unarmed
rCold    . . .     Gourm    .   e - +0 buckler (curse)
rNeg     . . .     Faith    .   (no armour)
rPois    .         Spirit   .   (helmet restricted)
rElec    .         Reflect  .   (no cloak)
rCorr    .         Harm     .   (no gloves)
MR       .....                  (no boots)
Stlth    ++........             (no amulet)
HPRegen  0.24/turn              h - +2 ring of protection
MPRegen  0.11/turn              (no ring)

@: no status effects
A: retaliatory headbutt, horns 2, deterioration 1, fire resistance 1
a: no special abilities


You were on level 8 of the Dungeon.
You were not hungry.

You visited 1 branch of the dungeon, and saw 8 of its levels.

You collected 200 gold pieces.

Inventory:

Hand Weapons
 k - a +0 giant club
Armour
 e - a cursed +0 buckler (worn)
Jewellery
 h - a +2 ring of protection (left hand)
Wands
 n - a wand of digging (20)
 r - a wand of flame (39)
Scrolls
 a - 2 scrolls of enchant armour
 d - 10 scrolls of remove curse {unknown}
 f - 3 scrolls of blinking
 i - 7 scrolls of teleportation
 j - a scroll of amnesia {unknown}
 p - 2 scrolls of fog {unknown}
 u - a scroll of enchant weapon {unknown}
 v - a scroll of fear {unknown}
Potions
 l - a potion of curing
 q - a potion of mutation
Comestibles
 b - 7 rations


   Skills:
 + Level 10.2 Fighting
 + Level 6.8 Dodging
 - Level 1.5 Stealth
 - Level 5.0 Shields
 + Level 9.5 Unarmed Combat


You had 8 spell levels left.
You didn't know any spells.
Your spell library was empty.

Dungeon Overview and Level Annotations

Branches:
Dungeon (8/15)             Temple (0/1) D:5
   Lair: D:8-11

Altars:
Ashenzari
Fedhas
Gozag
Hepliaklqana
Makhleb
Ru
Trog
Uskayaw
Wu Jian
Xom
The Shining One

Annotations:
D:8 zkyp's ghost, novice MiMo


Innate Abilities, Weirdness & Mutations

You reflexively headbutt those who attack you in melee.
You have a pair of horns on your head.
Your body sometimes deteriorates upon taking damage.
Your flesh is heat resistant. (rF+)


Message History

You hit zkyp's ghost but do no damage. Your headbutt misses zkyp's ghost.
Zkyp's ghost is almost destroyed.
Zkyp's ghost hits you.
* * * LOW HITPOINT WARNING * * *
You hit zkyp's ghost but do no damage.
Zkyp's ghost is almost destroyed.
You barely miss zkyp's ghost.
Zkyp's ghost is almost destroyed.
You block zkyp's ghost's attack.
You completely miss zkyp's ghost.
Zkyp's ghost is almost destroyed.
Zkyp's ghost hits you!
* * * LOW HITPOINT WARNING * * *
You miss zkyp's ghost.
Zkyp's ghost is almost destroyed.
Zkyp's ghost hits you but does no damage.
You closely miss zkyp's ghost. Your headbutt misses zkyp's ghost.
Zkyp's ghost is almost destroyed.
Zkyp's ghost hits you!
You die...

#.. # #.# # #.# #
###.#### ### #......#
#..
#.#.##.###########
#.#
#.#......#.......#
#.#
#.####W#.#.......#
#.#
#.####@#.#.......#
##.#
#......#.#.......#
#...
###......#.......#
#.## #.######.......#
#.# #.# ##.......#
#.# #.#
#.....#.####.# #.#
#.###.#......##
#.#####.###.######(..
#.....)...#.#######(#


You could see zkyp's ghost.

Vanquished Creatures
  Pikel (D:5)
  Sigmund (D:4)
  Edmund (D:4)
  Duvessa (D:4)
  An orc warrior (D:6)
  An ice beast (D:8)
  3 phantoms
  2 ogres
  5 centaurs
  2 bullfrogs (D:7)
  Dowan (D:4)
  2 scorpions
  4 killer bees (D:8)
  An electric eel (D:7)
  A crimson imp (D:2)
  2 orc priests
  2 iguanas
  Terence (D:3)
  3 orc wizards (D:5)
  Natasha (thrice) (D:4 D:6)
  6 worker ants
  A hound zombie (D:8)
  A hound skeleton (D:6)
  Robin (D:4)
  5 adders
  2 shadow imps
  3 oozes (D:2)
  An adder zombie (D:6)
  2 worms
  2 dart slugs
  A leopard gecko (D:6)
  27 orcs
  2 ball pythons (D:2)
  5 bats
  4 giant cockroaches
  18 goblins
  6 hobgoblins
  14 jackals
  8 kobolds
  A quokka (D:2)
  6 frilled lizards
  A quokka skeleton (D:7)
  10 rats
165 creatures vanquished.

Notes
Turn   | Place    | Note
-------+----------+-------------------------------------------
     0 | D:1      | xccam the Minotaur Monk began the quest for the Orb.
     0 | D:1      | Reached XP level 1. HP: 19/19 MP: 0/0
   368 | D:1      | Reached skill level 4 in Fighting
   389 | D:1      | Reached XP level 2. HP: 26/27 MP: 1/1
  1064 | D:2      | Found a hazy altar of Hepliaklqana.
  1112 | D:2      | Reached XP level 3. HP: 34/34 MP: 2/2
  1145 | D:2      | Found a shimmering altar of Xom.
  1159 | D:2      | Reached skill level 1 in Shields
  1454 | D:2      | Reached XP level 4. HP: 35/41 MP: 3/3
  1492 | D:2      | Found an ornate altar of the Wu Jian Council.
  1617 | D:2      | Found a burning altar of Makhleb.
  1954 | D:3      | Found a sacrificial altar of Ru.
  2105 | D:3      | Found a shattered altar of Ashenzari.
  2277 | D:3      | Found a blossoming altar of Fedhas.
  2304 | D:3      | Found a hide-covered altar of Uskayaw.
  2411 | D:3      | Noticed Terence
  2423 | D:3      | Killed Terence
  2423 | D:3      | Reached skill level 5 in Fighting
  2423 | D:3      | Reached XP level 5. HP: 44/48 MP: 4/4
  2978 | D:4      | Noticed Duvessa
  2990 | D:4      | Noticed Dowan
  3003 | D:4      | Killed Duvessa
  3003 | D:4      | Reached skill level 5 in Unarmed Combat
  3003 | D:4      | Reached XP level 6. HP: 30/56 MP: 5/5
  3018 | D:4      | Killed Dowan
  3185 | D:4      | Noticed Natasha
  3195 | D:4      | Killed Natasha
  3221 | D:4      | Reached skill level 5 in Shields
  3222 | D:4      | Noticed Robin
  3233 | D:5      | Entered Level 5 of the Dungeon
  3457 | D:4      | Killed Robin
  3607 | D:4      | Reached skill level 6 in Fighting
  3607 | D:4      | Reached XP level 7. HP: 57/63 MP: 6/6
  3746 | D:4      | Noticed Edmund
  3757 | D:4      | Gained mutation: You do not regenerate when monsters are visible. [potion of mutation]
  3757 | D:4      | Lost mutation: You do not regenerate when monsters are visible. [potion of mutation]
  3757 | D:4      | Gained mutation: Your body sometimes deteriorates upon taking damage. [potion of mutation]
  3757 | D:4      | Gained mutation: Your flesh is heat resistant. (rF+) [potion of mutation]
  4126 | D:4      | Noticed Sigmund
  4154 | D:4      | Killed Sigmund
  4498 | D:4      | Killed Edmund
  4498 | D:4      | Reached skill level 7 in Fighting
  4980 | D:5      | Reached XP level 8. HP: 52/74 MP: 7/7
  5000 | D:5      | Reached skill level 8 in Fighting
  5506 | D:5      | Found a staircase to the Ecumenical Temple.
  5816 | D:5      | Found an opulent altar of Gozag.
  5845 | D:5      | Found a bloodstained altar of Trog.
  5916 | D:5      | Noticed Pikel
  5934 | D:5      | Killed Pikel
  5934 | D:5      | Reached skill level 9 in Fighting
  5934 | D:5      | Reached skill level 5 in Dodging
  6095 | D:6      | Reached XP level 9. HP: 56/83 MP: 8/8
  6114 | D:6      | Found a glowing golden altar of the Shining One.
  6163 | D:6      | Noticed Natasha
  6167 | D:6      | Killed Natasha
  6495 | D:6      | Noticed Natasha
  6508 | D:6      | Killed Natasha
  6864 | D:6      | Found a blossoming altar of Fedhas.
  7670 | D:8      | Reached skill level 10 in Fighting
  8152 | D:8      | Noticed zkyp's ghost (novice MiMo)
  8213 | D:8      | HP: 3/85 [zkyp's ghost (9)]
  8215 | D:8      | Demolished by zkyp's ghost

Vault maps used:
D:1:      elethiomel_arrival_shortcut
D:2:      makhleb_grotto_becter, overflow_temple_1_default, old_standard_altar,
          lemuel_doored_altar
D:3:      eat_drink_and_be_merry_uskayaw, evilmike_ruin_ashenzari,
          nicolae_ru_awakened_eye, first_ration, fedhas_altar_2, uniq_terence
D:4:      serial_park_tiny_pond, uniq_robin, uniq_sigmund, uniq_natasha,
          uniq_duvessa, uniq_edmund
D:5:      kennysheep_mini, lemuel_crystal_altar, temple_doors_e,
          minmay_misc_feat_four_crosses, uniq_pikel
D:6:      marbit_many_paths, nicolae_tso_carved_into_rock
D:7:      nicolae_water_bricks

Skill      XL: |  1  2  3  4  5  6  7  8  9 |
---------------+----------------------------+-----
Fighting       | 4 5 6 7 9 10 | 10.2
Unarmed Combat | 4 5 7 8 9 |  9.5
Shields        | 1 3 4 5 |  5.0
Dodging        | 5 6 |  6.8
Stealth        | |  1.5

Action                   |  1- 3 |  4- 6 |  7- 9 || total
-------------------------+-------+-------+-------++-------
Melee: Unarmed           |    78 |   164 |   350 ||   592
       Headbutt          |    12 |    26 |    48 ||    86
       Punch             |     3 |       |       ||     3
  Use: Scroll            |       |       |    10 ||    10
       Potion            |       |       |     6 ||     6
 Stab: Sleeping          |     3 |     1 |     4 ||     8
       Distracted        |     1 |       |     1 ||     2
  Eat: Chunk             |     1 |     8 |    11 ||    20
       Ration            |       |       |     1 ||     1
Armor: Skin              |     2 |    10 |    34 ||    46
Dodge: Dodged            |    53 |    74 |   166 ||   293
Block: Buckler           |     2 |    30 |    50 ||    82

Table legend:
 A = Spawn XP
 B = Non-spawn XP
 C = Spawn XP percentage of total XP
 D = Spawn monster count
 E = Non-spawn monster count
 F = Spawn count percentage of total count
 G = Total turns spent on level
                    A         B        C        D         E        F      G
               +---------+---------+-------+---------+---------+-------+---------
         Total |       0 |    4311 |   0.0 |       0 |     165 |   0.0 |  8215
               +---------+---------+-------+---------+---------+-------+---------
           D:1 |       0 |      35 |   0.0 |       0 |      22 |   0.0 |  1054
           D:2 |       0 |     117 |   0.0 |       0 |      22 |   0.0 |   836
           D:3 |       0 |      79 |   0.0 |       0 |      21 |   0.0 |  1264
           D:4 |       0 |    1045 |   0.0 |       0 |      19 |   0.0 |  1379
           D:5 |       0 |    1380 |   0.0 |       0 |      39 |   0.0 |  1512
           D:6 |       0 |     517 |   0.0 |       0 |      19 |   0.0 |   986
           D:7 |       0 |     498 |   0.0 |       0 |      15 |   0.0 |   573
           D:8 |       0 |     640 |   0.0 |       0 |       8 |   0.0 |   611
               +---------+---------+-------+---------+---------+-------+---------
